 Dungeon Crawl Stone Soup version 0.29-a0-393-g47a863cc1b (webtiles) character file.

Game seed: 9128966883998407788

13277 dolemite99 the Grappler (level 11, -7/111 HPs)
             Began as a Troll Fighter on May 9, 2022.
             Was a Believer of Yredelemnul.
             Mangled by a cane toad (16 damage)
             ... on level 1 of the Lair of Beasts.
             The game lasted 00:13:00 (10196 turns).

dolemite99 the Grappler (Troll Fighter)            Turns: 10196, Time: 00:13:01

Health: -7/111     AC:  7    Str: 32    XL:     11   Next: 73%
Magic:  10/10      EV:  8    Int:  4    God:    Yredelemnul [**....]
Gold:   163        SH: 20    Dex: 13    Spells: 10/10 levels left

rFire   + . .      SeeInvis .     - Unarmed
rCold   . . .      Faith    .   v - +0 tower shield
rNeg    . . .      Spirit   .   a - +0 robe
rPois   .          Reflect  +   (helmet restricted)
rElec   .          Harm     .   x - +2 cloak
rCorr   .          Rampage  .   (gloves unavailable)
Will    .....                   (boots unavailable)
Stlth   +.........              T - amulet of reflection
HPRegen 1.08/turn               l - ring of protection from fire
MPRegen 0.12/turn               z - +6 ring of strength {=R}

@: no status effects
A: large, unfitting armour, claws 3, regeneration 1, shaggy fur 1, tough skin 1
a: Renounce Religion, Recall Undead Harvest, Dark Bargain


You were on level 1 of the Lair of Beasts.
You worshipped Yredelemnul.
Yredelemnul was noncommittal.
You visited 2 branches of the dungeon, and saw 12 of its levels.

You collected 713 gold pieces.
You spent 550 gold pieces at shops.

Inventory:

Missiles
 h - 27 poisoned darts
 u - 2 throwing nets
 I - 13 large rocks (quivered)
Armour
 a - a +0 robe (worn)
 b - a +0 kite shield
 v - a +0 tower shield (worn)
 x - a +2 cloak (worn)
Magical Staves
 i - a staff of poison
 V - a staff of earth
Jewellery
 l - a ring of protection from fire (left claw)
 r - an amulet of guardian spirit
 z - a +6 ring of strength (right claw) {=R}
 H - a ring of ice
 J - a ring of protection from fire
 K - a ring of flight
 Q - a ring of ice
 S - a ring of poison resistance
 T - an amulet of reflection (around neck)
Wands
 o - a wand of iceblast (24)
 t - a wand of mindburst (13)
 C - a wand of polymorph (4)
 U - a wand of digging (6)
Scrolls
 d - 6 scrolls of identify {@r1}
 g - 6 scrolls of immolation
 j - 4 scrolls of blinking
 m - a scroll of vulnerability
 p - 3 scrolls of fog
 s - 3 scrolls of silence
 y - a scroll of magic mapping
 A - 4 scrolls of amnesia
 D - a scroll of poison
 F - 2 scrolls of teleportation
 L - a scroll of fear
 O - 2 scrolls of enchant armour
 P - a scroll of torment {unknown}
Potions
 c - 2 potions of might
 e - 2 potions of resistance
 f - 7 potions of curing
 k - 2 potions of magic
 n - 4 potions of degeneration
 q - 2 potions of ambrosia
 w - 2 potions of invisibility
 B - 2 potions of lignification
 E - a potion of brilliance
 G - 3 potions of mutation
 N - 2 potions of attraction {unknown}
 R - a potion of heal wounds


   Skills:
 - Level 7.8 Fighting
 - Level 5.1 Throwing
 - Level 2.4 Dodging
 + Level 8.9 Shields
 - Level 12.5 Unarmed Combat


You had 10 spell levels left.
You didn't know any spells.
Your spell library contained the following spells:

 Spells                   Type           Power      Damage    Failure   Level
 Apportation              Tloc           0%         N/A       95%         1
 Corpse Rot               Necr/Air       0%         N/A       98%         2
 Poisonous Vapours        Pois/Air       0%         N/A       98%         2
 Dazzling Flash           Conj/Hex       0%         N/A       100%        3
 Iskenderun's Mystic Bla  Conj/Tloc      0%         2d3       100%        4
 Alistair's Intoxication  Tmut/Pois      0%         N/A       100%        5
 Starburst                Conj/Fire      0%         6d3       100%        6


Dungeon Overview and Level Annotations

Branches:
Dungeon (11/15)            Temple (0/1) D:6            Lair (1/6) D:11
    Orc: D:9-12

Altars:
Cheibriados
Elyvilon
Kikubaaqudgha
Makhleb
Sif Muna
Trog
Xom
Yredelemnul

Shops:
D:4 (   D:11 =

Annotations:
D:5 Ijyb
D:6 2 transporters


Innate Abilities, Weirdness & Mutations

You are too large for most types of armour.
You have claws for hands.
Your natural rate of healing is unusually fast.
You are covered in fur. (AC +1)
You have tough skin. (AC +1)


Message History

You block the wolf's attack.
Your wolf zombie bites the wolf.
The blink frog hits you!
* * * LOW HITPOINT WARNING * * *
The blink frog blinks!
Your wolf zombie bites the wolf.
The wolf dies!
A black mist starts to gather...
The wolf completely misses your wolf zombie.
You block the wolf's attack.
The cane toad stings you but does no damage.
The wolf closely misses you. x2
A blink frog comes into view.
The wolf attacks as you move away! The wolf bites you.
* * * LOW HITPOINT WARNING * * *
The wolf attacks as you move away! You block the wolf's attack.
You feel very sick. The wolf bites you but does no damage.
Your wolf zombie bites the wolf.
The wolf bites your wolf zombie!
The wolf barely misses your wolf zombie.
The wolf bites your wolf zombie! The cane toad stings you!
* * * LOW HITPOINT WARNING * * *
You block the wolf's attack.
Your wolf zombie bites the cane toad.
Your wolf zombie closely misses the wolf. x2
The wolf barely misses your wolf zombie.
Your black mamba zombie closely misses the wolf.
The wolf barely misses your wolf zombie.
The wolf closely misses your wolf zombie.
You feel better.
A blink frog comes into view.
You block the wolf's attack. The wolf bites your wolf zombie.
Your black mamba zombie bites the wolf!
Your wolf zombie barely misses the wolf.
You block the cane toad's attack.
Your wolf zombie barely misses the wolf.
The wolf bites your wolf zombie. The wolf bites your wolf zombie!
Your wolf zombie closely misses the wolf.
The wolf bites you!
* * * LOW HITPOINT WARNING * * *
The wolf bites your wolf zombie. The cane toad stings you!
You die...
Your body rises from the dead as a mindless zombie.

.. ....... #.#
......... #..
.......F. #.##
#♣......... #.##
.♣....F...
#..###..(.h....
##...ZZhhF......
#...#Zh.Zh......
#...###F@..♣...
##..## ##........
########..##
#F.#.....
......##..## ..##
.... ......##...##
..# #..
.....##..##.##...#
.
......#...##.#...#
.....#..P####...##
...#....## #)##


You could see a cane toad, 4 blink frogs, 5 wolves, a friendly black mamba
zombie and 3 friendly wolf zombies.

Vanquished Creatures
  A two-headed ogre (D:11)
  A cyclops (D:11)
  Joseph (D:8)
  The ghost of snackwell the Summoner, a novice FeSu of Gozag (D:8)
  A black mamba (Lair:1)
  2 gargoyles
  Psyche (D:10)
  2 komodo dragons (D:11)
  A troll (D:11)
  Prince Ribbit (D:7)
  A wyvern (D:7)
  17 yaks
  3 water moccasins
  4 orc warriors
  A swamp drake (D:10)
  2 ice beasts
  A sky beast (D:4)
  9 wolves (Lair:1)
  2 ogres
  A centaur (D:6)
  A phantom (D:5)
  3 kobold brigands
  Blork the orc (D:6)
  5 bullfrogs
  4 scorpions
  14 wights
  8 killer bees
  A howler monkey (D:4)
  4 hounds
  8 orc priests
  Crazy Yiuf (D:7)
  Jessica (D:3)
  Natasha (thrice) (D:3)
  3 iguanas
  7 orc wizards
  A mummy (D:8)
  Robin (D:2)
  4 gnolls (D:5)
  4 adders
  2 white imps
  An ufetubus (D:5)
  6 worms
  A dart slug (D:3)
  22 orcs
  5 endoplasms
  3 giant cockroaches
  10 goblins
  6 hobgoblins
  2 jackals (D:2)
  24 kobolds
  5 quokkas
  4 ball pythons
  6 bats
  2 frilled lizards (D:2)
  4 rats
230 creatures vanquished.

Vanquished Creatures (collateral kills)
  A two-headed ogre (D:11)
  A cyclops (D:11)
  3 yaks
  An orc warrior (D:11)
  3 wolves (Lair:1)
  A bullfrog (D:6)
  A necrophage (D:6)
  A scorpion (D:5)
  2 hounds
  An iguana (D:6)
  An adder (D:6)
  2 worms
  8 orcs
  2 endoplasms
  A giant cockroach (D:3)
  A goblin (D:2)
  A jackal (D:2)
  A ball python (D:3)
  A bat (D:3)
  2 kobolds
35 creatures vanquished.

Vanquished Creatures (others)
  A two-headed ogre zombie (D:11)
  A spectral ice beast (D:8)
  A yak zombie (D:11)
  5 wolf zombies (Lair:1)
  A centaur zombie (D:6)
  A bullfrog zombie (D:11)
  An orc wizard (D:8)
  A scorpion zombie (D:11)
  A killer bee zombie (D:10)
  An ogre zombie (D:5)
  2 hound zombies
  An adder zombie (D:2)
  2 iguana zombies
  2 spectral white imps
  A bat zombie (D:3)
  4 gnoll zombies (D:5)
  A frilled lizard zombie (D:2)
  2 giant cockroach zombies
  A goblin zombie (D:2)
  2 hobgoblin zombies
  A human zombie (D:3)
  9 kobold zombies
  17 orc zombies
  A quokka zombie (D:2)
  A spectral endoplasm (D:2)
  A spectral ufetubus (D:5)
  A bush (D:8)
  17 fungi
  13 plants
93 creatures vanquished.

Grand Total: 358 creatures vanquished

Notes
Turn   | Place    | Note
-------+----------+-------------------------------------------
     0 | D:1      | dolemite99 the Troll Fighter began the quest for the Orb.
     0 | D:1      | Reached XP level 1. HP: 22/22 MP: 0/0
   136 | D:1      | Reached XP level 2. HP: 29/29 MP: 1/1
   517 | D:1      | Found a faded altar of an unknown god.
   543 | D:1      | Prayed at the altar of an unknown god.
   543 | D:1      | Became a worshipper of Yredelemnul the Dark
   543 | D:1      | Reached * piety under Yredelemnul
   682 | D:1      | Reached skill level 3 in Unarmed Combat
   793 | D:2      | Reached XP level 3. HP: 36/36 MP: 2/2
   801 | D:2      | Found a shimmering altar of Xom.
   906 | D:2      | Noticed Robin
   912 | D:2      | Killed Robin
  1036 | D:2      | Reached XP level 4. HP: 29/44 MP: 3/3
  1212 | D:2      | Reached skill level 4 in Unarmed Combat
  1501 | D:3      | Noticed Natasha
  1512 | D:3      | Killed Natasha
  1534 | D:3      | Noticed Jessica
  1542 | D:3      | Killed Jessica
  1543 | D:3      | Reached XP level 5. HP: 50/50 MP: 4/4
  1573 | D:3      | Found an ancient bone altar of Kikubaaqudgha.
  1578 | D:3      | Noticed Natasha
  1583 | D:3      | Killed Natasha
  1592 | D:3      | Your ally Jessica died
  1719 | D:3      | Noticed Natasha
  1727 | D:3      | Killed Natasha
  1728 | D:3      | Reached skill level 5 in Unarmed Combat
  1841 | D:3      | Reached ** piety under Yredelemnul
  1913 | D:4      | Found Sanaf's Antique Weapon Boutique.
  1921 | D:4      | Noticed a sky beast
  1946 | D:4      | Killed a sky beast
  1947 | D:4      | Reached XP level 6. HP: 26/59 MP: 5/5
  2104 | D:4      | Found a white marble altar of Elyvilon.
  2181 | D:4      | Found a burning altar of Makhleb.
  2311 | D:4      | Reached skill level 6 in Unarmed Combat
  2412 | D:4      | Found a bloodstained altar of Trog.
  2675 | D:5      | Entered Level 5 of the Dungeon
  2780 | D:5      | Reached XP level 7. HP: 66/66 MP: 6/6
  2911 | D:5      | Reached skill level 7 in Unarmed Combat
  3221 | D:5      | Noticed Ijyb
  3841 | D:6      | Found a transporter.
  3845 | D:6      | Noticed a shadow
  3847 | D:6      | Noticed a two-headed ogre
  3851 | D:6      | Noticed a two-headed ogre
  3950 | D:6      | Reached skill level 5 in Shields
  4020 | D:6      | Reached XP level 8. HP: 64/74 MP: 5/7
  4044 | D:6      | Reached skill level 8 in Unarmed Combat
  4289 | D:6      | Found a staircase to the Ecumenical Temple.
  4309 | D:6      | Reached skill level 9 in Unarmed Combat
  4317 | D:6      | Found a transporter.
  4385 | D:6      | Found a shimmering blue altar of Sif Muna.
  4762 | D:6      | Noticed Blork the orc
  4771 | D:6      | Killed Blork the orc
  4772 | D:6      | Reached XP level 9. HP: 79/80 MP: 8/8
  4944 | D:7      | Reached skill level 10 in Unarmed Combat
  5404 | D:7      | Noticed Prince Ribbit
  5414 | D:7      | Killed Prince Ribbit
  5572 | D:7      | Found a runed translucent door.
  5573 | D:7      | Noticed Crazy Yiuf
  5592 | D:7      | Killed Crazy Yiuf
  5916 | D:7      | Reached skill level 11 in Unarmed Combat
  6242 | D:8      | Found a snail-covered altar of Cheibriados.
  6259 | D:8      | Noticed Joseph
  6272 | D:8      | Killed Joseph
  6273 | D:8      | Reached XP level 10. HP: 76/88 MP: 6/9
  6309 | D:8      | Reached skill level 12 in Unarmed Combat
  7017 | D:8      | Found a large runed translucent door.
  7017 | D:8      | Found a large runed translucent door.
  7020 | D:8      | Noticed snackwell's ghost (novice FeSu)
  7085 | D:8      | Killed snackwell's ghost
  8029 | D:9      | Reached skill level 5 in Fighting
  8040 | D:9      | Reached *** piety under Yredelemnul
  8239 | D:10     | Entered Level 10 of the Dungeon
  8395 | D:10     | Noticed a gargoyle
  8414 | D:10     | Killed a gargoyle
  8581 | D:10     | Noticed Psyche
  8591 | D:10     | Killed Psyche
  9059 | D:11     | Noticed a two-headed ogre
  9069 | D:11     | Killed a two-headed ogre
  9069 | D:11     | Noticed a cyclops
  9070 | D:11     | Reached XP level 11. HP: 109/109 MP: 10/10
  9138 | D:11     | Reached skill level 1 in Throwing
  9199 | D:11     | Noticed a two-headed ogre
  9201 | D:11     | Killed a two-headed ogre
  9291 | D:11     | Reached **** piety under Yredelemnul
  9299 | D:11     | Reached ***** piety under Yredelemnul
  9307 | D:11     | Reached skill level 5 in Throwing
  9322 | D:11     | Found Zomasu's Jewellery Shop.
  9330 | D:11     | Bought a ring of poison resistance for 220 gold pieces
  9330 | D:11     | Bought an amulet of reflection for 330 gold pieces
  9339 | D:11     | Reached ****** piety under Yredelemnul
  9495 | D:11     | Found a staircase to the Lair.
  9691 | Lair:1   | Entered Level 1 of the Lair of Beasts
 10028 | Lair:1   | Found a gate leading to a gauntlet.
 10196 | Lair:1   | Mangled by a cane toad

Illustrated notes

Levels and vault maps discovered:
D:1:      psy_arrival_fountain, layout_basic, hellmonk_ecumenical_altar_blasted
D:2:      layout_loops_ring, basic_altar, uniq_robin
D:3:      layout_basic, lemuel_crystal_altar, uniq_jessica, uniq_natasha
D:4:      layout_layer_cave, kennysheep_mini, nicolae_overflow_hidden_temple,
          serial_shops, nicolae_shop_statue_plus
D:5:      layout_basic, uniq_ijyb
D:6:      minmay_inner_zag, layout_cave_pods, gammafunk_temple_overflow_arena,
          minmay_temple_entry_butterflies, uniq_blork_the_orc
D:7:      layout_loops_cross, uniq_crazy_yiuf_cottage, uniq_prince_ribbit1
D:8:      layout_rooms, slow_altar_1, ebering_ghost_disaster_area,
          dk_noncrumbling_3, kb_lookout_dungeons_type, uniq_joseph
D:9:      layout_loops_cross, serial_co_window_serial, co_window_corner_a,
          co_window_corner_a, co_window_corner_a, co_window_paths_b,
          co_window_of_opportunity_a, co_window_paths_b, co_window_paths_b,
          co_window_of_opportunity_b, co_window_cross_3, co_window_corner_b,
          co_window_of_opportunity_c, co_window_corner_b, co_window_paths_c,
          co_window_paths_e, glass_columns_a, glass_columns_b
D:10:     layout_basic, uniq_psyche
D:11:     layout_rooms, grunt_lair_entry_orc_guard_hut, serial_shops, shop
Lair:1:   layout_cave_pods, gauntlet_entry_generic,
          grunt_forest_large_clearings, grunt_megastairs_1

Skill      XL: |  1  2  3  4  5  6  7  8  9 10 11 |
---------------+----------------------------------+-----
Unarmed Combat | 3 4 5 6 7 9 11 12 | 12.5
Shields        | 3 4 5 6 7 8 |  8.9
Fighting       | 7 |  7.8
Throwing       | 5 |  5.1
Dodging        | |  2.4

Action                   |  1- 3 |  4- 6 |  7- 9 | 10-12 || total
-------------------------+-------+-------+-------+-------++-------
Melee: Unarmed           |   103 |   115 |   250 |   243 ||   711
Throw: Dart              |    38 |    27 |    41 |    36 ||   142
       Large rock        |       |       |       |    15 ||    15
Invok: Recall Undead Har |       |       |       |     2 ||     2
Evoke: Wand              |       |       |       |     7 ||     7
  Use: Scroll            |       |     1 |    21 |       ||    22
       Potion            |       |       |     4 |     3 ||     7
 Stab: Distracted        |       |       |     1 |       ||     1
       Invisible         |       |       |     3 |       ||     3
Armor: Robe              |    26 |    29 |    67 |    53 ||   175
       Skin              |       |       |       |     5 ||     5
Dodge: Dodged            |    38 |    36 |   106 |    76 ||   256
Block: Kite shield       |    27 |    49 |   137 |    96 ||   309
       Tower shield      |       |       |       |   103 ||   103

Table legend: (Time is in decaauts)
 A = Elapsed time spent in this place.
 B = Non-inter-level travel time spent in this place.
 C = Inter-level travel time spent in this place.
 D = Time resting spent in this place.
 E = Time spent auto-exploring this place.
 F = Levels seen in this place.
 G = Mean time per level.
                   A        B        C        D        E       F      G
               +--------+--------+--------+--------+--------+-----+--------+
         Total |  10229 |   9905 |    324 |   1432 |   5986 |  12 |  852.4 |
       Dungeon |   9719 |   9395 |    324 |   1400 |   5628 |  11 |  883.5 |
          Lair |    509 |    509 |      0 |     32 |    358 |   1 |  509.0 |
               +--------+--------+--------+--------+--------+-----+--------+

Top non-repeatable levels by time:
     D:7: 1186 daAuts
     D:5: 1167 daAuts
     D:9: 1102 daAuts
     D:6: 1073 daAuts
     D:8: 1019 daAuts
    D:10: 794 daAuts
     D:4: 766 daAuts
     D:2: 733 daAuts
     D:1: 731 daAuts
    D:11: 672 daAuts
  Lair:1: 509 daAuts
     D:3: 471 daAuts
